 Dungeon Crawl Stone Soup version 0.18.1-5-g4a78601 (webtiles) character file.

60 Etesian the Sneak (level 3, -4/18 HPs)
             Began as a Spriggan Assassin on May 13, 2016.
             Slain by Natasha (5 damage)
             ... on level 2 of the Dungeon.
             The game lasted 00:04:59 (2035 turns).

Etesian the Sneak (Spriggan Assassin)               Turns: 2035, Time: 00:05:00

Health: -4/18      AC:  4    Str:  4    XL:     3   Next: 82%
Magic:  4/4        EV: 24    Int: 12    God:
Gold:   55         SH:  0    Dex: 23    Spells: 0 memorised, 2 levels left

rFire  . . .     SeeInvis +     o - -1 dagger (curse)
rCold  . . .     Gourm    .     c - +0 robe
rNeg   . . .     Faith    .     (shield restricted)
rPois  .         Spirit   .     (helmet restricted)
rElec  .         Dismiss  .     d - +1 cloak
rCorr  .         Reflect  .     (gloves unavailable)
SustAt .         Harm     .     (boots unavailable)
MR     .....                    (no amulet)
Stlth  ++++++....               (no ring)
                                h - -3 ring of strength (curse)

@: agile, very quick, not resistant to hostile enchantments, very stealthy
A: unfitting armour, see invisible, herbivore 3, speed 3, slow metabolism 2
a: no special abilities


You were on level 2 of the Dungeon.
You were not hungry.

You visited 1 branch of the dungeon, and saw 2 of its levels.

You collected 55 gold pieces.

Inventory:

Hand Weapons
 a - a +2 dagger
 b - a +1 blowgun
 o - a cursed -1 dagger (weapon)
Missiles
 e - 14 poisoned needles
 f - 2 curare-tipped needles
Armour
 c - a +0 robe (worn)
 d - a +1 cloak (worn)
Jewellery
 h - a cursed -3 ring of strength (left hand)
Scrolls
 i - a scroll of enchant weapon
Potions
 n - a potion of brilliance {unknown}
 p - a potion of lignification {unknown}
Comestibles
 g - a bread ration
 j - a slice of pizza
 l - a royal jelly
 m - 3 fruits


   Skills:
 - Level 1.5 Fighting
 + Level 2.9 Short Blades
 - Level 2.0 Throwing
 + Level 2.6 Dodging
 * Level 7.3 Stealth


You had 2 spell levels left.
You didn't know any spells.

Dungeon Overview and Level Annotations

Branches:
Dungeon (2/15)

Altars:
Yredelemnul

Annotations:
D:2 Natasha


Innate Abilities, Weirdness & Mutations

You are tiny and cannot use many weapons and most armour.
You have supernaturally acute eyesight.
You are a herbivore.
You cover ground extremely quickly.
You need consume almost no food.


Message History

You hit Natasha.
Natasha is moderately wounded.
Natasha wildly gestures.
You feel troubled. Natasha claws you.
* * * LOW HITPOINT WARNING * * *
You take 1 damage, and have 1/18 hp.
You hit Natasha but do no damage.
Natasha is moderately wounded.
Natasha closely misses you.
Unknown command.
Drink which item? (? for menu, Esc to quit)
You feel agile all of a sudden.
Natasha casts a spell.
You closely miss Natasha.
Natasha is moderately wounded.
You closely miss Natasha.
Natasha is moderately wounded.
Natasha claws you.
You die...

##'## ######.# *,,,,,,,* ##.†.##
#.# ****,**** #.....## ####.#
**,* .......## ##.##.# **,,* *
........####...#.#######**,,,****
........'...............,,,,,,,,+
.....)..####...#.######***,,,****
.......## ##.##.# *****,,****
#.....## ####@# *,,,,,,,,,*
##...## #h# *,****,**,* *##+##
#.# *,* *,,**,* ,,,,* ♣5♣ *,*
*,***,* ,,,,** ****♣.♣*****,* *,*
*,* ,,,,,* *,,,...,,,**,***,***,*
,,,,,** *,**♣.♣**,,,,,,,,,,,,,
,,,,,,* *,* ♣.♣ ****,,,,,,,,,,
,,,,,** **,***,* *,***,**,,*


You could see an iron imp and Natasha.

Vanquished Creatures
  Terence (D:2)
  A ball python (D:1)
  4 giant cockroaches
  2 goblins
  5 hobgoblins
  5 kobolds
  A quokka (D:2)
  5 bats
  A giant newt (D:1)
  2 gnoll zombies (D:2)
  6 rats
33 creatures vanquished.

Notes
Turn   | Place    | Note
--------------------------------------------------------------
     0 | D:1      | Etesian the Spriggan Assassin began the quest for the Orb.
     0 | D:1      | Reached XP level 1. HP: 10/10 MP: 2/2
    17 | D:1      | Reached skill level 6 in Stealth
   465 | D:1      | Reached XP level 2. HP: 14/14 MP: 3/3
  1529 | D:2      | Found a basalt altar of Yredelemnul.
  1565 | D:2      | Reached skill level 7 in Stealth
  1565 | D:2      | Reached XP level 3. HP: 18/18 MP: 4/4
  1752 | D:2      | Noticed Terence
  1790 | D:2      | Killed Terence
  1972 | D:2      | Noticed Natasha
  2035 | D:2      | Slain by Natasha

Skill      XL: |  1  2  3 |
---------------+----------+-----
Stealth        | 6 7 |  7.3
Dodging        | 2 |  2.6
Fighting       | |  1.5
Short Blades   | |  2.9
Throwing       | |  2.0

Action                   || total
-------------------------++-------
Melee: Dagger            ||   105
 Fire: Blowgun           ||     8
  Use: Scroll            ||     6
       Potion            ||     1
 Stab: Distracted        ||     2
       Sleeping          ||    10
Armor: Robe              ||    11
Dodge: Dodged            ||    70
